 Dungeon Crawl Stone Soup version 0.31-a0-960-g0fca184906 (webtiles) character file.

Game seed: 10162542800829857080

621 gelatine the Ruffian (level 7, -6/43 HPs)
             Began as an Octopode Shapeshifter on Oct 23, 2023.
             Mangled by a gnoll
             ... wielding a +0 flail
             ... led by a gnoll bouda
              (9 damage)
             ... on level 5 of the Dungeon.
             The game lasted 00:10:14 (3151 turns).

gelatine the Ruffian (Octopode Shapeshifter)        Turns: 3151, Time: 00:10:15

Health: -6/43      AC:  1    Str: 15    XL:     7   Next: 46%
Magic:  7/7        EV: 13    Int: 12    God:
Gold:   361        SH:  0    Dex: 12    Spells: 6/6 levels left

rFire   . .          .
                       - Unarmed
rCold   . . .        (no shield)
rNeg    . . .        (helmet currently unavailable)
rPois   .            (no amulet)
rElec   .            (no ring)
rCorr   .            (no ring)
SInv    .            (no ring)
Will    .....        (no ring)
Stlth   +++          (no ring)
HPRegen 0.27/turn    (no ring)
MPRegen 0.10/turn    (no ring)
                     (no ring)

%: no passive effects
@: beast-form, weakened
A: beast (slay +2), almost no armour, amphibious, 8 rings, camouflage 1,
gelatinous body 1, (nimble swimmer 1), tentacles
a: Begin Untransformation


You were on level 5 of the Dungeon.
You were a hulking beast.
You visited 1 branch of the dungeon, and saw 5 of its levels.

You collected 361 gold pieces.

Inventory:

Hand Weapons
 q - a +1 short sword of protection
Missiles
 w - 2 atropa-tipped darts (quivered)
Magical Staves
 h - a staff of cold
 j - a staff of conjuration
Jewellery
 f - a ring of ice
Talismans
 b - a beast talisman
 c - a flux talisman
 z - the granite talisman of the Big Bang {Int+3 Dex+3}
   (You found it on level 4 of the Dungeon)

   [granite talisman]

   Int+3:     It affects your intelligence (+3).
   Dex+3:     It affects your dexterity (+3).
Wands
 p - a wand of iceblast (8)
 A - a wand of mindburst (19)
Scrolls
 d - a scroll of fog {unknown}
 g - 3 scrolls of teleportation {unknown}
 i - a scroll of vulnerability {unknown}
 k - 2 scrolls of poison {unknown}
 o - 2 scrolls of identify {unknown}
 r - a scroll of enchant weapon {unknown}
 u - a scroll of silence {unknown}
 y - a scroll of immolation {unknown}
 B - a scroll of acquirement {unknown}
Potions
 a - a potion of lignification
 e - a potion of attraction {unknown}
 l - 3 potions of curing {unknown}
 m - a potion of degeneration {unknown}
 n - a potion of ambrosia {unknown}
 s - 2 potions of mutation {unknown}
 t - a potion of heal wounds {unknown}
 v - 2 potions of might {unknown}
 x - a potion of haste {unknown}


   Skills:
 + Level 1.3 Fighting
 + Level 1.1 Throwing
 + Level 3.1 Dodging
 + Level 4.0 Stealth
 * Level 6.0 Unarmed Combat
 * Level 4.6 Shapeshifting


You had 6 spell levels left.
You didn't know any spells.
Your spell library was empty.

Dungeon Overview and Level Annotations

Branches:
Dungeon (5/15)             Temple (0/1) D:5

Altars:
Qazlal
Yredelemnul

Shops:
D:5 (


Innate Abilities, Weirdness & Mutations

You are a hulking beast.
Your limbs bulge with bestial killing power. (Slay +2)
You cannot wear most types of armour.
You are amphibious.
You can wear up to eight rings at the same time.
Your skin changes colour to match your surroundings (Stealth+).
Your rubbery body absorbs attacks. (AC +1, EV +1)
((You are camouflaged when in or above water. (Stealth+)))
You have tentacles for arms and can constrict up to eight enemies at once.


Message History

w - an atropa-tipped dart You see here a +0 giant spiked club.
w - 2 atropa-tipped darts (gained 1)
You see here a scorpion corpse.
You now have 361 gold pieces (gained 8).
Found Zegeeco's Antique Weapon Boutique.
Found a stone staircase leading down.
There is an entrance to Zegeeco's Antique Weapon Boutique here.
You can access your shopping list by pressing '$'.
Found a staircase to the Ecumenical Temple.
A gnoll comes into view. It is wielding a +0 halberd.
Found 7 stones.
A gnoll comes into view. It is wielding a +0 spear.
The gnoll shouts!
You hear a shout! x3
A gnoll comes into view. It is wielding a +0 flail.
A gnoll bouda and a gnoll come into view.
The gnoll bouda shouts!
The gnoll shouts!
A gnoll comes into view. It is wielding a +0 flail.
The gnoll bouda barks out a call to the hunt!
The gnolls pick up the pace!
You hear a shout!
The gnoll attacks as it pursues you! The gnoll barely misses you.
The gnoll hits you from afar with a +0 halberd!
The gnoll hits you from afar with a +0 halberd!
The gnoll is no longer moving quickly.
The gnoll hits you from afar with a +0 halberd.
The gnoll bouda gazes fiercely through you!
You feel your attacks grow feeble. The gnoll closely misses you.
The gnoll attacks as it pursues you! The gnoll barely misses you.
The gnoll attacks as it pursues you! The gnoll hits you with a +0 flail! x2
* * * LOW HITPOINT WARNING * * *
The gnoll hits you from afar with a +0 halberd!
* * * LOW HITPOINT WARNING * * *
There is a stone staircase leading down, spattered with blood here.
The gnoll closely misses you.
The gnoll bouda barks out a call to the hunt!
The gnolls pick up the pace!
The gnoll hits you with a +0 flail!
You die...

....#...................
..........g..∩.......###
>...#................#
............g........##
....#.................#
......................##
#.#.#..........g.......#
......##.......#gg####.#
####..####....##h.# #..#
######...# #..# #....#
#..##.# ..## #.# #.. #.#
... ## #...


You could see a gnoll bouda and 4 gnolls.

Vanquished Creatures
  An ogre (D:5)
  2 scorpions
  2 orc priests
  2 hounds
  2 iguanas (D:4)
  Terence (D:2)
  2 orc wizards
  4 gnolls (D:2)
  4 adders
  3 worms
  4 dart slugs
  10 orcs
  4 ball pythons
  7 endoplasms
  4 giant cockroaches
  7 goblins
  4 hobgoblins
  7 jackals
  7 bats
  3 frilled lizards
  5 kobolds
  2 rats
87 creatures vanquished.

Notes
Turn   | Place    | Note
-------+----------+-------------------------------------------
     0 | D:1      | gelatine the Octopode Shapeshifter began the quest for the
                  | Orb.
     0 | D:1      | Reached XP level 1. HP: 13/13 MP: 1/1
   244 | D:1      | Reached XP level 2. HP: 15/18 MP: 2/2
   752 | D:2      | Reached XP level 3. HP: 23/23 MP: 3/3
   844 | D:2      | Reached skill level 1 in Stealth
   844 | D:2      | Reached skill level 4 in Unarmed Combat
   844 | D:2      | Reached XP level 4. HP: 26/28 MP: 4/4
   880 | D:2      | Found a faded altar of an unknown god.
   892 | D:2      | Reached XP level 5. HP: 9/33 MP: 5/5
   989 | D:2      | Noticed Terence
   999 | D:2      | Killed Terence
  1037 | D:2      | You fall into a shaft and drop 1 floor!
  1435 | D:3      | Reached XP level 6. HP: 32/38 MP: 6/6
  1696 | D:3      | Reached skill level 5 in Unarmed Combat
  2137 | D:4      | Found a stormy altar of Qazlal.
  2610 | D:4      | Reached XP level 7. HP: 40/43 MP: 7/7
  2610 | D:4      | Identified the granite talisman of the Big Bang {Int+3
                  | Dex+3}
  2766 | D:5      | Entered Level 5 of the Dungeon
  2773 | D:5      | Found a basalt altar of Yredelemnul.
  2968 | D:5      | Reached skill level 1 in Throwing
  2971 | D:5      | Reached skill level 6 in Unarmed Combat
  3116 | D:5      | Found Zegeeco's Antique Weapon Boutique.
  3130 | D:5      | Found a staircase to the Ecumenical Temple.
  3151 | D:5      | Mangled by a gnoll

Illustrated notes

Levels and vault maps discovered:
D:1:      wander_arrival_fairy_ring, layout_rooms, grunt_decor_junction,
          minmay_gold_behind_fungi, minmay_octomino_j4
D:2:      layout_basic, basic_ecumenical_altar, uniq_terence
D:3:      layout_loops_cross, serial_bayou, serial_bayou_ford_a,
          serial_bayou_pond_c, serial_bayou_crossing, serial_bayou_lagoon_b
D:4:      layout_cave_pools, nicolae_overflow_crystal_walls,
          serial_column_ruins, column_ruins_hut, column_ruins_grid_1,
          column_ruins_open_tiny, column_ruins_grid_3,
          column_ruins_open_small_water, column_ruins_grid_3
D:5:      layout_layer_cave, mainiacjoe_overflow_surrounded_room,
          minmay_temple_entry_glass, serial_shops, shop, fountainhead

Skill      XL: |  1  2  3  4  5  6  7 |
---------------+----------------------+-----
Stealth        | 1 2 3 4 |  4.0
Unarmed Combat | 4 5 6 |  6.0
Shapeshifting  | 4 |  4.6
Throwing       | 1 |  1.1
Dodging        | 3 |  3.1
Fighting       | |  1.3

Action                     |  1- 3 |  4- 6 |  7- 9 || total
---------------------------+-------+-------+-------++-------
  Melee: Unarmed           |    48 |   108 |    18 ||   174
         Constrict         |    14 |    26 |     3 ||    43
         Tentacles         |    10 |    33 |     1 ||    44
         Punch             |     1 |     3 |     1 ||     5
  Throw: Stone             |    13 |    32 |     5 ||    50
         Dart              |       |       |     6 ||     6
   Stab: Sleeping          |     5 |     8 |     1 ||    14
 Armour: Skin              |    20 |    38 |    13 ||    71
  Dodge: Dodged            |    29 |    62 |    11 ||   102

Table legend: (Time is in decaauts)
 A = Elapsed time spent in this place.
 B = Non-inter-level travel time spent in this place.
 C = Inter-level travel time spent in this place.
 D = Time resting spent in this place.
 E = Time spent auto-exploring this place.
 F = Levels seen in this place.
 G = Mean time per level.
                   A        B        C        D        E       F      G
               +--------+--------+--------+--------+--------+-----+--------+
         Total |   3138 |   3032 |    106 |      0 |   2189 |   5 |  627.6 |
       Dungeon |   3138 |   3032 |    106 |      0 |   2189 |   5 |  627.6 |
               +--------+--------+--------+--------+--------+-----+--------+

Top non-repeatable levels by time:
     D:3: 956 daAuts
     D:4: 764 daAuts
     D:1: 661 daAuts
     D:5: 383 daAuts
     D:2: 374 daAuts
